 Dungeon Crawl Stone Soup version 0.25-a0-842-g81a31cf (webtiles) character file.

Game seed: 17464825249129450087, levelgen mode: deterministic

1306 slphil the Skirmisher (level 8, 0/71 HPs)
             Began as a Ghoul Monk on Apr 24, 2020.
             Was a Believer of Kikubaaqudgha.
             Killed from afar by an orc wizard (10 damage)
             ... with a puff of flame
             ... on level 6 of the Dungeon.
             The game lasted 00:16:31 (4596 turns).

slphil the Skirmisher (Ghoul Monk)                  Turns: 4596, Time: 00:16:32

Health: 0/71       AC:  6    Str: 17    XL:     8   Next: 57%
Magic:  0/10       EV: 14    Int:  5    God:    Kikubaaqudgha [**....]
Gold:   169        SH:  0    Dex: 11    Spells: 5/11 levels left

rFire    . . .     SeeInvis .     - Unarmed
rCold    + + .     Gourm    .   (no shield)
rNeg     + + +     Faith    .   B - +1 robe of Beauty {rPois rC+ rCorr Stlth+}
rPois    ∞         Spirit   +   m - +1 helmet
rElec    .         Reflect  .   f - scarf {Spirit}
rCorr    +         Harm     .   (no gloves)
MR       .....                  n - +0 pair of boots
Stlth    +++.......             d - amulet of regeneration
HPRegen  0.00/turn              (no ring)
MPRegen  0.12/turn              (no ring)

@: very slightly contaminated, rotting
A: rotting body, claws 1, carnivore, cold resistance 1, negative energy
resistance 3, inhibited regeneration, torment resistance, unbreathing
a: Receive Corpses, Renounce Religion


You were on level 6 of the Dungeon.
You worshipped Kikubaaqudgha.
Kikubaaqudgha was pleased with you.
You were very hungry.

You visited 1 branch of the dungeon, and saw 6 of its levels.

You collected 169 gold pieces.

Inventory:

Missiles
 h - 135 stones (quivered)
 r - 4 boomerangs
Armour
 f - a scarf of spirit shield (worn)
 m - a +1 helmet (worn)
 n - a +0 pair of boots (worn)
 B - the +1 robe of Beauty (worn) {rPois rC+ rCorr Stlth+}
   (You found it on level 4 of the Dungeon)

   It protects you from cold.
   It protects you from poison.
   It provides partial protection from all sources of acid and corrosion.
   It makes you more stealthy.
Jewellery
 d - an amulet of regeneration (around neck)
 v - an uncursed ring of magical power {unknown}
Scrolls
 a - 2 scrolls of identify
 c - 2 scrolls of fog {unknown}
 g - a scroll of amnesia
 j - 3 scrolls of teleportation
 k - 3 scrolls of remove curse
 o - a scroll of blinking {unknown}
 s - a scroll of noise
 u - 2 scrolls of magic mapping {unknown}
 y - a scroll of immolation {unknown}
Potions
 e - a potion of curing {unknown}
 l - a potion of flight {unknown}
 p - a potion of berserk rage {unknown}
 q - 3 potions of magic {unknown}
 t - a potion of might {unknown}
 w - 2 potions of invisibility
 x - a potion of haste {unknown}
 z - a potion of resistance {unknown}
Comestibles
 b - 14 rations
 i - 3 chunks of flesh


   Skills:
 + Level 6.9 Fighting
 + Level 4.6 Dodging
 - Level 2.1 Stealth
 + Level 6.9 Unarmed Combat
 + Level 2.0 Spellcasting
 * Level 3.7 Necromancy


You had 5 spell levels left.
You knew the following spells:

 Your Spells              Type           Power        Failure   Level  Hunger
a - Animate Skeleton      Necr           N/A          10%         1    ##.....
b - Corpse Rot            Necr/Air       N/A          30%         2    ###....
c - Vampiric Draining     Necr           #.........   28%         3    ####...

Your spell library contained the following spells:

 Spells                   Type           Power        Failure   Level  Hunger
 Pain                     Necr           #...         10%         1    ##.....


Dungeon Overview and Level Annotations

Branches:
Dungeon (6/15)             Temple (0/1) D:6

Altars:
Dithmenos
Fedhas
Kikubaaqudgha
Wu Jian
Yredelemnul
Zin


Innate Abilities, Weirdness & Mutations

Your body is rotting away.
You thrive on raw meat.
You are immune to poison.
You have sharp fingernails.
You are carnivorous and can eat meat at any time.
Your flesh is cold resistant. (rC+)
You are immune to negative energy. (rN+++)
You do not regenerate when monsters are visible.
You are immune to unholy pain and torment.
You can survive without breathing.


Message History

A magic dart appears from out of thin air!
The magic dart hits you but does no damage.
You scratch something but do no damage.
You hear some strange, mumbled words.
A magic dart appears from out of thin air!
The magic dart hits you.
* * * LOW HITPOINT WARNING * * *
You barely miss something. Something barely misses you.
You miss something. Something hits you but does no damage. Something hits you.
* * * LOW HITPOINT WARNING * * *
You miss something. Your claw misses something.
Something hits you but does no damage.
You barely miss something. Something hits you but does no damage.
You closely miss something. You closely miss something.
You hear some strange, mumbled words.
A puff of flame appears from out of thin air!
The puff of flame hits you!
You die...
Kikubaaqudgha rasps: "You have failed me!
Welcome... oblivion!"

....#######.#.# ##...
..#...# ### #.##..# #..
#.##..# ... #.##..# #.#
#.##..# #.# #.###o# #.# #.#
#{# #.####.# #@# #<.....#
#.# #####......# #.# #####
#..........# #)# ###...#
#...÷......###.## ###...#.#
#..........'....###....#..#
#..(.......####.)#..####.##
#.............#....####..##
#############...#...##....#


You could see an orc.

Vanquished Creatures
  A water moccasin (D:6)
  2 orc warriors (D:6)
  2 ogres
  A bullfrog (D:6)
  2 howler monkeys
  A jelly (D:6)
  2 centaur zombies
  A crimson imp (D:5)
  5 orc wizards
  2 hounds
  2 orc priests
  5 worker ants
  3 gnolls (D:6)
  6 adders
  A shadow imp (D:5)
  An ooze (D:6)
  An adder skeleton (D:4)
  2 worms
  2 dart slugs
  3 leopard geckos
  14 orcs
  9 bats
  6 giant cockroaches
  6 hobgoblins
  7 jackals (D:6)
  9 kobolds
  2 quokkas
  A ball python (D:1)
  6 frilled lizards
  6 goblins
  A leopard gecko skeleton (D:5)
  5 rats
117 creatures vanquished.

Vanquished Creatures (collateral kills)
  An iguana (D:6)
1 creature vanquished.

Vanquished Creatures (others)
  A sky beast (D:6)
1 creature vanquished.

Grand Total: 119 creatures vanquished

Notes
Turn   | Place    | Note
-------+----------+-------------------------------------------
     0 | D:1      | slphil the Ghoul Monk began the quest for the Orb.
     0 | D:1      | Reached XP level 1. HP: 19/19 MP: 0/0
   330 | D:1      | Reached XP level 2. HP: 24/26 MP: 1/1
   819 | D:2      | Reached XP level 3. HP: 28/33 MP: 2/2
  1036 | D:2      | Found a glowing silver altar of Zin.
  1036 | D:2      | Noticed an angel
  1568 | D:2      | Reached XP level 4. HP: 40/40 MP: 3/3
  2280 | D:4      | Reached XP level 5. HP: 39/47 MP: 4/4
  2317 | D:4      | Reached skill level 5 in Fighting
  2317 | D:4      | Reached skill level 5 in Unarmed Combat
  2482 | D:4      | Reached XP level 6. HP: 40/55 MP: 3/5
  2567 | D:4      | Got an ancient robe
  2578 | D:4      | Identified the +1 robe of Beauty {rPois rC+ rCorr Stlth+}
                  | (You found it on level 4 of the Dungeon)
  3101 | D:5      | Entered Level 5 of the Dungeon
  3403 | D:5      | Found an ancient bone altar of Kikubaaqudgha.
  3436 | D:5      | Reached XP level 7. HP: 35/62 MP: 6/6
  3646 | D:5      | Found a blossoming altar of Fedhas.
  3652 | D:5      | Became a worshipper of Kikubaaqudgha
  3652 | D:5      | Reached * piety under Kikubaaqudgha
  3652 | D:5      | Identified Kikubaaqudgha's Disquisition on Black Secrets
                  | (Kikubaaqudgha gifted it to you on level 5 of the Dungeon)
  3652 | D:5      | Received a gift from Kikubaaqudgha
  3652 | D:5      | Reached ** piety under Kikubaaqudgha
  3656 | D:5      | Learned a level 1 spell: Animate Skeleton
  3659 | D:5      | Learned a level 2 spell: Corpse Rot
  3663 | D:5      | Learned a level 3 spell: Vampiric Draining
  3897 | D:6      | Found a basalt altar of Yredelemnul.
  3907 | D:6      | Found a shadowy altar of Dithmenos.
  3909 | D:6      | Found an ornate altar of the Wu Jian Council.
  3925 | D:6      | Reached skill level 1 in Necromancy
  3939 | D:6      | Reached skill level 1 in Spellcasting
  4004 | D:6      | Reached XP level 8. HP: 27/71 MP: 4/8
  4476 | D:6      | Found a staircase to the Ecumenical Temple.
  4596 | D:6      | Killed from afar by an orc wizard

Levels and vault maps discovered:
D:1:      roderic_crop_circles_arrival_small, layout_rooms
D:2:      layout_loops_corners, zin_angel, first_ration
D:3:      layout_rooms
D:4:      layout_loops_corners
D:5:      layout_loops_ring, grunt_temple_overflow_growth_and_decay
D:6:      layout_basic, nicolae_overflow_hidden_temple,
          minmay_temple_entry_wispy, grunt_ministairs_15

Skill      XL: |  1  2  3  4  5  6  7  8 |
---------------+-------------------------+-----
Dodging        | 3 4 |  4.6
Unarmed Combat | 4 5 6 |  6.9
Fighting       | 4 5 6 |  6.9
Necromancy     | 2 3 |  3.7
Spellcasting   | 1 2 |  2.0
Stealth        | |  2.1

Action                   |  1- 3 |  4- 6 |  7- 9 || total
-------------------------+-------+-------+-------++-------
Melee: Unarmed           |   102 |   195 |   170 ||   467
       Punch             |     1 |     2 |     5 ||     8
Throw: Stone             |     8 |       |       ||     8
 Cast: Animate Skeleton  |       |       |     3 ||     3
       Vampiric Draining |       |       |     2 ||     2
  Use: Scroll            |       |     6 |     1 ||     7
 Stab: Sleeping          |     4 |     2 |     3 ||     9
       Distracted        |       |       |     1 ||     1
  Eat: Chunk             |     5 |     4 |     3 ||    12
Armor: Robe              |    25 |    25 |    31 ||    81
       Ring mail         |       |    39 |       ||    39
Dodge: Dodged            |    55 |    96 |    88 ||   239

Table legend:
 A = Non-vault XP
 B = Vault XP
 C = Vault XP percentage of total XP
 D = Non-vault monster count
 E = Vault monster count
 F = Vault count percentage of total count
                 A         B        C        D         E       F
            +---------+---------+-------+---------+---------+-------
      Total |    1838 |      29 |   1.6 |     118 |       1 |   0.8
            +---------+---------+-------+---------+---------+-------
        D:1 |      28 |       0 |   0.0 |      18 |       0 |   0.0
        D:2 |      57 |       0 |   0.0 |      19 |       0 |   0.0
        D:3 |      33 |       0 |   0.0 |      17 |       0 |   0.0
        D:4 |     307 |       0 |   0.0 |      18 |       0 |   0.0
        D:5 |     403 |       0 |   0.0 |      15 |       0 |   0.0
        D:6 |    1010 |      29 |   2.8 |      31 |       1 |   3.1
            +---------+---------+-------+---------+---------+-------
